 Dungeon Crawl Stone Soup version 0.21.1-1-g345015f (webtiles) character file.

21 tidbits the Charmwright (level 2, 0/26 HPs)
             Began as a Gnoll Skald on Feb 8, 2018.
             Slain by Sigmund
             ... wielding a +0 scythe
              (2 damage)
             ... on level 3 of the Dungeon.
             The game lasted 00:02:01 (159 turns).

tidbits the Charmwright (Gnoll Skald)                Turns: 159, Time: 00:02:02

Health: 0/26       AC:  3    Str: 13    XL:     2   Next: 87%
Magic:  5/7        EV: 14    Int: 15    God:
Gold:   0          SH:  0    Dex: 14    Spells: 5/10 levels left

rFire    . . .     SeeInvis .   a - +0 hand axe
rCold    . . .     Gourm    .   (no shield)
rNeg     . . .     Faith    .   b - +0 leather armour
rPois    .         Spirit   .   (no helmet)
rElec    .         Reflect  .   (no cloak)
rCorr    .         Harm     .   (no gloves)
MR       .....                  (no boots)
Stlth    +.........             (no amulet)
HPRegen  0.08/turn              (no ring)
MPRegen  0.10/turn              (no ring)

@: confused, infused
A: distributed training, fangs 1, strong nose
a: no special abilities


You were on level 3 of the Dungeon.
You were not hungry.

You visited 1 branch of the dungeon, and saw 3 of its levels.

Inventory:

Hand Weapons
 a - a +0 hand axe (weapon)
 f - a +0 dagger
Armour
 b - a +0 leather armour (worn)
Scrolls
 e - a scroll of magic mapping {unknown}
 h - a scroll of identify {unknown}
Books
 c - a book of Battle

   Spells                             Type                      Level
   a - Infusion                       Charms                       1
   b - Shroud of Golubria             Charms/Translocation         2
   c - Song of Slaying                Charms                       2
   d - Spectral Weapon                Hexes/Charms                 3
   e - Regeneration                   Charms/Necromancy            3
Comestibles
 d - a ration


   Skills:
 + Level 4.5 Fighting
 + Level 0.5 Short Blades
 + Level 0.5 Long Blades
 + Level 4.5 Axes
 + Level 0.5 Maces & Flails
 + Level 0.5 Polearms
 + Level 0.5 Staves
 + Level 0.5 Slings
 + Level 0.5 Bows
 + Level 0.5 Crossbows
 + Level 0.5 Throwing
 + Level 2.5 Armour
 + Level 4.5 Dodging
 + Level 0.5 Stealth
 + Level 0.5 Shields
 + Level 0.5 Unarmed Combat
 + Level 4.9 Spellcasting
 + Level 0.3 Conjurations
 + Level 0.3 Hexes
 + Level 5.3 Charms
 + Level 0.3 Summonings
 + Level 0.3 Necromancy
 + Level 0.3 Translocations
 + Level 0.3 Transmutations
 + Level 0.3 Fire Magic
 + Level 0.3 Ice Magic
 + Level 0.3 Air Magic
 + Level 0.3 Earth Magic
 + Level 0.3 Poison Magic
 + Level 0.6 Invocations
 + Level 0.5 Evocations


You had 5 spell levels left.
You knew the following spells:

 Your Spells              Type           Power        Failure   Level  Hunger
g - Shroud of Golubria    Chrm/Tloc      ##........   10%         2    ##.....
i - Infusion              Chrm           ###.         2%          1    None
y - Song of Slaying       Chrm           ###.....     3%          2    ##.....


Dungeon Overview and Level Annotations

Branches:
Dungeon (3/15)

Altars:

Annotations:
D:3 Sigmund


Innate Abilities, Weirdness & Mutations

Your experience applies equally to all skills.
You have very sharp teeth.
Your uncanny sense of smell can sniff out nearby items.


Message History

You barely miss the adder.
The adder is almost dead.
The adder misses you.
You hit the adder but do no damage. Your bite misses the adder.
The adder is almost dead.
You feel sick. The adder bites you.
* * * LOW HITPOINT WARNING * * *
The adder misses you.
You hit the adder.
You kill the adder!
You have reached level 2!
It was a potion of magic.
Magic courses through your body.
You feel sick.
It was a potion of heal wounds.
You feel much better.
You see here an adder corpse.
You feel sick.
You feel sick.
You see here a scroll labeled WOMUAH NORR.
e - a scroll labeled WOMUAH NORR You feel sick.
Your magical infusion is running out.
You feel sick.
A rat comes into view.
Okay, then.
You feel sick.
You are no longer poisoned.
You are no longer magically infusing your attacks.
The rat bites you.
There is a stone staircase leading down here.
You hit the rat.
You kill the rat!
Memorise Song of Slaying, consuming 2 spell levels and leaving 7?
You start memorising the spell.
You continue memorising. x2
You finish memorising.
Spell assigned to 'y'.
Memorise Shroud of Golubria, consuming 2 spell levels and leaving 5?
You start memorising the spell.
You continue memorising. x2
You finish memorising.
Spell assigned to 'g'.
You climb downwards.
There is a stone staircase leading up here.
Unknown command.
A worm comes into view.
Found a scroll labeled KOEBLA HYROMN.
Unknown command.
Found a fuming cyan potion.
You see here a scroll labeled KOEBLA HYROMN.
h - a scroll labeled KOEBLA HYROMN You see here a fuming cyan potion.
i - a fuming cyan potion
Found 8 gold pieces.
A quokka comes into view.
Sigmund the Dreaded comes into view.
He is wielding a scythe.
Sigmund shouts!
Sigmund misses you.
You aren't carrying any items that you can evoke.
Unknown command.
It was a potion of curing.
You feel better.
A rat comes into view.
The rat moves out of view.
Sigmund gestures wildly while chanting.
Sigmund flickers and vanishes!
Found 6 gold pieces.
Unknown command.
Casting: Infusion
Confirm with . or Enter, or press ? or * to list all spells.
You begin infusing your attacks with magical energy.
You hear some strange, mumbled words.
Something tries to affect you, but you resist.
Unknown command.
You hit something. Something hits you!
You closely miss something. Your bite misses something.
You hear a zap.
Something tries to affect you, but you resist.
The rat twitches its whiskers.
You barely miss something. You closely miss the quokka. The quokka bites you.
Something hits you. The quokka bites you.
* * * LOW HITPOINT WARNING * * *
You closely miss something. You hit the rat!
You kill the rat!
You hit the quokka.
The quokka bites you but does no damage.
You miss something. You bite something. You hit the worm! You hit the quokka.
You kill the quokka!
Something hits you.
* * * LOW HITPOINT WARNING * * *
You hit something. You hit the worm.
You hear some strange, mumbled words.
You are confused.
The worm bites you but does no damage.
Okay, then.
Magic courses through your body. Something completely misses you.
You miss something. Your punch misses something. You closely miss the worm.
The worm bites you but does no damage. Something hits you!
* * * LOW HITPOINT WARNING * * *
You slash something! You hit the worm!
You kill the worm!
You closely miss something. Something hits you.
You die...

#####......#######.#
#.............### ..
#........####...###.#
#...................####
#........######w##......
#.........### #.....##
#.............###..###
########..# #$.##†...#
#. #..{@.##.# ....#..###
.$ . ..... ... ....###
.. ... . .. .


There were no monsters in sight!

Vanquished Creatures
  An adder (D:2)
  A worm (D:3)
  2 goblins (D:1)
  A quokka (D:3)
  2 frilled lizards (D:1)
  A kobold (D:1)
  4 rats
12 creatures vanquished.

Notes
Turn   | Place    | Note
-------+----------+-------------------------------------------
     0 | D:1      | tidbits the Gnoll Skald began the quest for the Orb.
     0 | D:1      | Reached XP level 1. HP: 20/20 MP: 6/6
    98 | D:2      | Reached XP level 2. HP: 9/26 MP: 0/7
   124 | D:2      | Learned a level 2 spell: Song of Slaying
   127 | D:2      | Learned a level 2 spell: Shroud of Golubria
   146 | D:3      | Noticed Sigmund
   157 | D:3      | HP: 1/26 [something (7)]
   159 | D:3      | Slain by Sigmund

Action                   || total
-------------------------++-------
Melee: Hand axe          ||    27
       Bite              ||     1
 Cast: Infusion          ||     4
  Use: Potion            ||     4
Armor: Leather armour    ||     4
Dodge: Dodged            ||     9

Table legend:
 A = Turns spent in this place as a percentage of turns spent in the entire game.
 B = Non-inter-level travel turns spent in this place as a percentage of non-inter-level travel turns spent in the entire game.
 C = Inter-level travel turns spent in this place as a percentage of turns spent in this place.
 D = Turns resting spent in this place as a percentage of non-inter-level travel turns spent in this place.
 E = Turns spent auto-exploring this place as a percentage of non-inter-level travel turns spent in this place.
 F = Non-inter-level travel turns spent in this place divided by the number of levels of this place that you've seen.
                   A       B       C       D       E      F
               +-------+-------+-------+-------+-------+----------------------
         Total | 100.0 | 100.0 |   0.0 |   0.0 |   0.0 |  53.0
       Dungeon | 100.0 | 100.0 |   0.0 |   0.0 |   0.0 |  53.0
               +-------+-------+-------+-------+-------+----------------------

Table legend:
 A = Kills in this place as a percentage of kills in entire the game.
 B = Kills by you in this place as a percentage of kills by you in the entire game.
 C = Kills by friends in this place as a percentage of kills by friends in the entire game.
 D = Other kills in this place as a percentage of other kills in the entire game.
 E = Experience gained in this place as a percentage of experience gained in the entire game.
 F = Experience gained in this place divided by the number of levels of this place that you have seen.
                   A       B       C       D       E      F
               +-------+-------+-------+-------+-------+----------------------
         Total | 100.0 | 100.0 |   N/A |   N/A | 100.0 |  10.3
       Dungeon | 100.0 | 100.0 |   N/A |   N/A | 100.0 |  10.3
               +-------+-------+-------+-------+-------+----------------------

Vault maps used:
D:1:      scummos_arrival_gate
D:2:      zin_academy, first_ration, kennysheep_generic_room_8
D:3:      minitemple, uniq_sigmund, uniq_grinder
